 Dungeon Crawl Stone Soup version 0.25-a0-420-g1cc7eeb0d1 (webtiles) character file.

Game seed: 2629302316266022809, levelgen mode: deterministic

1002 Fukker the Frost Mage (level 8, -2/52 HPs)
             Began as a Demonspawn Ice Elementalist on Dec 17, 2019.
             Was a Follower of Kikubaaqudgha.
             Slain by a wraith (4 damage)
             ... on level 8 of the Dungeon on Jan 18, 2020.
             The game lasted 00:19:57 (5731 turns).

Fukker the Frost Mage (Demonspawn Ice Elementalist) Turns: 5731, Time: 00:19:59

Health: -2/52      AC:  7    Str:  8    XL:     8   Next: 0%
Magic:  5/11       EV: 13    Int: 22    God:    Kikubaaqudgha [*.....]
Gold:   152        SH:  0    Dex: 14    Spells: 2/11 levels left

rFire    + . .     SeeInvis .   d - +0 whip (elec)
rCold    + + +     Gourm    .   (no shield)
rNeg     . . .     Faith    .   J - +1 leather armour {MR+}
rPois    .         Spirit   .   L - +1 helmet {Int+3}
rElec    .         Reflect  .   u - scarf {rC+ rF+}
rCorr    .         Harm     +   (no gloves)
MR       +....                  k - +0 pair of boots
Stlth    ++........             e - amulet of harm
HPRegen  0.17/turn              l - ring of protection from cold
MPRegen  0.12/turn              r - ring of protection from cold

@: very slightly contaminated, slowed, lightly drained, very slow
A: hooves 1, repulsion field 1, powered by pain 1, spiny 2
a: Receive Corpses, Renounce Religion


You were on level 8 of the Dungeon.
You worshipped Kikubaaqudgha.
Kikubaaqudgha was aware of your devotion.
You were hungry.

You visited 2 branches of the dungeon, and saw 9 of its levels.

You collected 368 gold pieces.
You spent 216 gold pieces at shops.

Inventory:

Hand Weapons
 b - a +0 dagger
 d - a +0 whip of electrocution (weapon)
Missiles
 A - 14 poisoned darts (quivered)
 C - 10 javelins
Armour
 a - a +0 robe
 k - a +0 pair of boots (worn)
 u - a scarf of resistance (worn)
 y - a +3 leather armour of fire resistance
 J - a +1 leather armour of magic resistance (worn)
 L - a +1 helmet of intelligence (worn)
Jewellery
 e - an amulet of harm (around neck)
 l - a ring of protection from cold (left hand)
 r - a ring of protection from cold (right hand)
 N - an uncursed ring of see invisible {unknown}
Wands
 x - a wand of polymorph (3)
 I - a wand of flame (23)
 K - a wand of clouds (5)
Scrolls
 g - a scroll of fog
 h - 2 scrolls of amnesia {unknown}
 i - 7 scrolls of identify
 j - a scroll of magic mapping {unknown}
 m - 4 scrolls of teleportation {unknown}
 n - 3 scrolls of remove curse {unknown}
 p - a scroll of enchant weapon {unknown}
 E - a scroll of silence {unknown}
 G - a scroll of noise
 O - a scroll of fear {unknown}
Potions
 f - a potion of berserk rage {unknown}
 o - a potion of agility {unknown}
 q - 2 potions of haste {unknown}
 t - 4 potions of mutation {unknown}
 v - 3 potions of invisibility {unknown}
 w - a potion of cancellation {unknown}
 z - 4 potions of might
 B - a potion of lignification
 D - a potion of ambrosia {unknown}
 F - 2 potions of flight {unknown}
 H - 2 potions of brilliance {unknown}
 M - a potion of curing {unknown}
Comestibles
 c - 12 rations
 s - 5 chunks of flesh


   Skills:
 - Level 0.1(0.0) Short Blades
 - Level 0.7(0.5) Maces & Flails
 * Level 0.7(0.6) Armour
 - Level 1.7(1.6) Dodging
 - Level 1.7(1.6) Stealth
 - Level 2.4(2.3) Spellcasting
 + Level 3.0(2.9) Summonings
 + Level 0.9(0.8) Necromancy
 + Level 8.4(8.2) Ice Magic


You had 2 spell levels left.
You knew the following spells:

 Your Spells              Type           Power        Failure   Level  Hunger
a - Freeze                Ice            ####         1%          1    None
b - Summon Ice Beast      Ice/Summ       ####....     19%         4    ####...
c - Animate Skeleton      Necr           N/A          14%         1    None
d - Vampiric Draining     Necr           #.........   38%         3    ###....

Your spell library contained the following spells:

 Spells                   Type           Power        Failure   Level  Hunger
 Summon Small Mammal      Summ           ###.         6%          1    None
 Pain                     Necr           #...         14%         1    None
 Apportation              Tloc           #.....       19%         1    None
 Corona                   Hex            #......      19%         1    None
 Sandblast                Erth           #.....       19%         1    None
 Sublimation of Blood     Necr           #.........   21%         2    ##.....
 Passwall                 Tmut/Erth      #.......     28%         2    ##.....
 Ozocubu's Armour         Chrm/Ice       ###.....     11%         3    ###....
 Hailstorm                Conj/Ice       ###.....     34%         4    ####...
 Stone Arrow              Conj/Erth      #.....       50%         3    ###....
 Petrify                  Tmut/Erth      #.......     88%         4    ####...
 Lee's Rapid Deconstruct  Erth           #.........   99%         5    ######.


Dungeon Overview and Level Annotations

Branches:
Dungeon (8/15)             Temple (1/1) D:4
   Lair: D:8-11

Altars:
Ashenzari
Cheibriados
Dithmenos
Elyvilon
Fedhas
Gozag
Hepliaklqana
Kikubaaqudgha
Makhleb
Nemelex Xobeh
Okawaru
Qazlal
Ru
Sif Muna
Trog
Uskayaw
Vehumet
Wu Jian
Xom
Yredelemnul
Zin
The Shining One

Shops:
D:4 ?[[   D:5 (=%


Innate Abilities, Weirdness & Mutations

You have large cloven feet.
You are surrounded by a mild repulsion field. (EV +2)
You sometimes gain a little power by taking damage.
You are mostly covered in sharp spines.


Message History

r - Retreat! s - Stop attacking. g - Guard the area. f - Follow me.
Anything else - Cancel.
Gang up on whom?
Press: ? - help, Dir - move target cursor, f - wraith
Aim: a wraith (heavily damaged) Attack!
Your ice beast hits the wraith but does no damage.
The wraith hits your orc skeleton.
Your orc skeleton is destroyed!
Your ice beast barely misses the wraith.
Casting: Summon Ice Beast (slightly dangerous; 19% risk of failure)
Confirm with . or Enter, or press ? or * to list all spells.
You miscast Summon Ice Beast.
You are very lightly contaminated with residual magic.
Nothing appears to happen.
Your ice beast closely misses the wraith.
The wraith hits you.
You die...
Kikubaaqudgha rasps: "You have failed me!
Welcome... death!"

..(.................#
..#.....#####.#####.#
........+......#
..#.....####.#.##
###.....# #.#..#
#.....# #..#.##
#.....# ##>#..#
#.....# #..#.# ...#
##.#@## #..WY# ##.#.#
#.#...# #..#..# ##.
..# #. ..# #. ..# ##
#.#


You could see a wraith and a friendly ice beast.

Vanquished Creatures
  A phantom (D:4)
  A centaur (D:6)
  Dowan (D:6)
  A crimson imp (D:6)
  A jelly (D:8)
  A hound (D:4)
  2 orc wizards
  A worker ant (D:6)
  A hound skeleton (D:5)
  5 adders
  2 shadow imps (D:5)
  An ooze (D:1)
  3 worms
  2 dart slugs
  4 leopard geckos
  16 orcs
  4 bats
  8 giant cockroaches
  6 hobgoblins
  4 jackals (D:1)
  10 kobolds
  4 quokkas
  6 frilled lizards
  13 goblins
  A jackal skeleton (D:4)
  A quokka skeleton (D:5)
  4 rats
104 creatures vanquished.

Vanquished Creatures (collateral kills)
  Sigmund (D:3)
  Edmund (D:4)
  Duvessa (D:6)
  An ice beast (D:5)
  2 ogres
  A scorpion (D:5)
  2 orc wizards
  A worker ant (D:4)
  A shadow imp (D:6)
  2 orcs
  A giant cockroach (D:4)
  A quokka (D:4)
15 creatures vanquished.

Grand Total: 119 creatures vanquished

Notes
Turn   | Place    | Note
-------+----------+-------------------------------------------
     0 | D:1      | Fukker the Demonspawn Ice Elementalist began the quest for
                  | the Orb.
     0 | D:1      | Reached XP level 1. HP: 13/13 MP: 3/3
   250 | D:1      | Reached skill level 4 in Ice Magic
   250 | D:1      | Gained mutation: You sometimes gain a little power by
                  | taking damage. [demonic ancestry]
   250 | D:1      | Reached XP level 2. HP: 14/19 MP: 1/5
   589 | D:1      | Upgraded the game from 0.25-a0-294-gea9b1ad378 to
                  | 0.25-a0-413-g3b4b6a4ccc
   911 | D:1      | Gained mutation: You are partially covered in sharp spines.
                  | [demonic ancestry]
   911 | D:1      | Reached XP level 3. HP: 20/24 MP: 6/6
  1750 | D:3      | Gained mutation: You have large cloven feet. [demonic
                  | ancestry]
  1750 | D:3      | Reached XP level 4. HP: 28/30 MP: 5/7
  1797 | D:3      | Learned a level 4 spell: Summon Ice Beast
  2052 | D:3      | Reached skill level 5 in Ice Magic
  2510 | D:3      | Noticed Sigmund
  2523 | D:3      | Killed Sigmund
  2523 | D:3      | Reached skill level 1 in Summonings
  2523 | D:3      | Gained mutation: You are surrounded by a mild repulsion
                  | field. (EV +2) [demonic ancestry]
  2523 | D:3      | Reached XP level 5. HP: 35/35 MP: 2/8
  2649 | D:4      | Noticed an ogre
  2658 | D:4      | Killed an ogre
  2791 | D:4      | Found Nydah's Antique Armour Shoppe.
  2799 | D:4      | Bought a glowing scarf for 216 gold pieces
  2807 | D:4      | Found Bayrik's Magic Scroll Boutique.
  2810 | D:4      | Reached skill level 6 in Ice Magic
  2877 | D:4      | Found a sacrificial altar of Ru.
  2892 | D:4      | Gained mutation: You are mostly covered in sharp spines.
                  | [demonic ancestry]
  2892 | D:4      | Reached XP level 6. HP: 33/41 MP: 9/9
  3023 | D:4      | Noticed Edmund
  3042 | D:4      | Killed Edmund
  3162 | D:4      | Found a staircase to the Ecumenical Temple.
  3181 | Temple   | Entered the Ecumenical Temple
  3413 | Temple   | Became a worshipper of Kikubaaqudgha
  3523 | D:4      | Found an iron altar of Okawaru.
  3557 | D:4      | Learned a level 1 spell: Animate Skeleton
  3919 | D:4      | Found Qeoricit's Antique Armour Emporium.
  3989 | D:5      | Entered Level 5 of the Dungeon
  3998 | D:5      | Reached skill level 7 in Ice Magic
  4079 | D:5      | Noticed an ice beast
  4093 | D:5      | Reached XP level 7. HP: 36/46 MP: 2/10
  4294 | D:5      | Found Fedod's Jewellery Boutique.
  4322 | D:5      | Found Dyegidgho's Weapon Emporium.
  4331 | D:5      | Upgraded the game from 0.25-a0-413-g3b4b6a4ccc to
                  | 0.25-a0-420-g1cc7eeb0d1
  4367 | D:5      | Found Peciatzo's Food Boutique.
  4759 | D:6      | Noticed Dowan
  4759 | D:6      | Noticed Duvessa
  4763 | D:6      | Killed Dowan
  4768 | D:6      | Killed Duvessa
  4768 | D:6      | Reached skill level 8 in Ice Magic
  5666 | D:8      | Reached XP level 8. HP: 52/52 MP: 6/11
  5669 | D:8      | Reached * piety under Kikubaaqudgha
  5669 | D:8      | Identified Kikubaaqudgha's Incunabulum of Sinister Magic
                  | (Kikubaaqudgha gifted it to you on level 8 of the Dungeon)
  5669 | D:8      | Received a gift from Kikubaaqudgha
  5677 | D:8      | Learned a level 3 spell: Vampiric Draining
  5726 | D:8      | HP: 1/52 [wraith (9)]
  5731 | D:8      | Slain by a wraith

Levels and vault maps discovered:
D:1:      minmay_arrival_checkered_box, layout_loops_corners
D:2:      layout_basic, minmay_tetromino_o4
D:3:      cheibrodos_greedy_goblins, layout_basic, uniq_sigmund
D:4:      minmay_door_path, layout_loops_ring,
          nicolae_ru_great_annihilating_truth, temple_statues, serial_shops,
          shop, shop, kennysheep_mini_moat, hangedman_decor_points,
          okawaru_trees_1, uniq_edmund
D:5:      layout_loops_cross, first_ration, serial_shops, shop, shop,
          nicolae_shop_trees, corexii_shack
D:6:      layout_gridville, uniq_duvessa
D:7:      layout_rooms, serial_shops, shop, the_bakery, bh_chokoban
D:8:      layout_basic
Temple:   nicolae_temple_the_god_donut

Skill      XL: |  1  2  3  4  5  6  7 |
---------------+----------------------+-----
Ice Magic      | 4 5 6 7 8 |  8.4
Summonings     | 1 2 3 |  3.0
Short Blades   | |  0.1
Maces & Flails | |  0.7
Armour         | |  0.7
Dodging        | |  1.7
Stealth        | |  1.7
Spellcasting   | |  2.4
Necromancy     | |  0.9

Action                   |  1- 3 |  4- 6 |  7- 9 || total
-------------------------+-------+-------+-------++-------
Melee: Dagger            |     6 |       |       ||     6
       Whip              |    63 |    66 |    55 ||   184
Throw: Dart              |       |     1 |       ||     1
 Cast: Freeze            |    27 |    20 |     3 ||    50
       Summon Ice Beast  |       |    10 |     5 ||    15
       Animate Skeleton  |       |     3 |     6 ||     9
  Use: Scroll            |       |     2 |     1 ||     3
       Potion            |       |     1 |       ||     1
 Stab: Sleeping          |     5 |     4 |       ||     9
       Paralysed         |       |     2 |       ||     2
  Eat: Chunk             |     2 |    10 |     3 ||    15
       Ration            |       |       |     1 ||     1
Armor: Robe              |    21 |    12 |     2 ||    35
       Skin              |       |     1 |       ||     1
       Leather armour    |       |       |     9 ||     9
Dodge: Dodged            |    66 |    36 |    34 ||   136

Table legend:
 A = Non-vault XP
 B = Vault XP
 C = Vault XP percentage of total XP
 D = Non-vault monster count
 E = Vault monster count
 F = Vault count percentage of total count
                 A         B        C        D         E       F
            +---------+---------+-------+---------+---------+-------
      Total |    1004 |     428 |  29.9 |     101 |      18 |  15.1
            +---------+---------+-------+---------+---------+-------
        D:1 |      51 |       0 |   0.0 |      25 |       0 |   0.0
        D:2 |      37 |       2 |   5.1 |      14 |       1 |   6.7
        D:3 |      50 |     138 |  73.4 |      17 |       9 |  34.6
        D:4 |     270 |     117 |  30.2 |      17 |       5 |  22.7
        D:5 |     288 |       3 |   1.0 |      15 |       1 |   6.2
        D:6 |     219 |     168 |  43.4 |       9 |       2 |  18.2
        D:8 |      89 |       0 |   0.0 |       4 |       0 |   0.0
            +---------+---------+-------+---------+---------+-------
